Cogmind - Beta 13 @@@ ROGUE MODE // 2024.05.30 @ 14:43:25 Player: kikul Result: Destroyed by G-34 Mercenary with Small Laser Performance ------------- Evolutions (0) 0 Regions Visited (1) 200 Robots Destroyed (8) 40 Value Destroyed (214) 214 Prototype IDs (0) 0 Alien Tech Used (0) 0 Bonus (0) 0 TOTAL SCORE: 454 Bonus ------- None Cogmind --------- Core Integrity 0/250 Matter 44/300 Energy 92/100 System Corruption 0% Temperature Cool (6) Movement Core (700) Ox13 Location -10/Materials Parts ------- > --- POWER (1) -------- (None) > --- PROPULSION (2) --- (None) > --- UTILITY (2) ------ Large Storage Unit Large Storage Unit > --- WEAPON (2) ------- Small Laser > --- INVENTORY (15) --- Light Treads Compact Wheel Compact Wheel Heat Sink Small Storage Unit Large Battery (200) Datajack Peak State ------------ > --- POWER ------------ Light Ion Engine > --- PROPULSION ------- Aluminum Leg Aluminum Leg > --- UTILITY ---------- Small Storage Unit Medium Storage Unit > --- WEAPON ----------- EM Pulse Gun Datajack > --- INVENTORY -------- Ion Engine Light Treads Compact Wheel Compact Wheel Heat Sink Large Battery Small Laser Assault Rifle Assault Rifle Datajack [Rating: 8] Favorites ----------- Power Light Ion Engine Engine Light Ion Engine Propulsion Aluminum Leg Treads Light Treads Leg Aluminum Leg Wheel Compact Wheel Utility Small Storage Unit Device Heat Sink Storage Small Storage Unit Weapon Assault Rifle Energy Gun EM Pulse Gun Ballistic Gun Assault Rifle Ballistic Cannon Light Cannon Special Melee Weapon Datajack Build | -11 -10 ------- Run | Yrd Mat Slots Evolved . | . . Power . | . . Propulsion . | . . Utility . | . . Weapon . | . . Parts Attached 33 | 10 23 Power 3 | 1 2 Engine 3 | 1 2 Core . | . . Reactor . | . . Propulsion 8 | 4 4 Treads 2 | 1 1 Leg 3 | 1 2 Wheel 3 | 2 1 Hover . | . . Flight . | . . Utility 7 | 1 6 Device 1 | . 1 Storage 6 | 1 5 Processor . | . . Hackware . | . . Protection . | . . Artifact . | . . Weapon 15 | 4 11 Energy Gun 7 | 2 5 Energy Cannon . | . . Ballistic Gun 5 | 2 3 Ballistic Cannon 1 | . 1 Launcher . | . . Special Weapon . | . . Impact Weapon . | . . Slashing Weapon . | . . Piercing Weapon . | . . Special Melee Weapon 2 | . 2 Unidentified Prototypes . | . . Parts Lost 9 | . 9 Power 3 | . 3 Propulsion 2 | . 2 Utility . | . . Weapon 4 | . 4 Highest Loss Streak 3 | . 3 To Critical Strikes . | . . Average Slot Usage (%) 87 | . 87 Engine 13 | . 13 Treads 4 | . 4 Leg 15 | . 15 Wheel 4 | . 4 Device 1 | . 1 Storage 23 | . 23 Energy Gun 7 | . 7 Ballistic Gun 9 | . 9 Ballistic Cannon 1 | . 1 Special Melee Weapon 4 | . 4 Naked Turns . | . . Heaviest Build 48 | 10 48 Greatest Support 32 | 32 20 Greatest Overweight (x) 15 | 2 15 Average Overweight (x) . | . . Largest Inventory Capacity 15 | 8 15 Average Capacity 9 | 7 10 Most Carried 10 | 8 10 Average Carried 8 | 5 8 Final Capacity 15 | 8 15 Final Carried 7 | 6 7 Class Distribution -------------------- 100% | Mutant Dominant Class ---------------- Mutant | -10/Materials Resources | -11 -10 ----------- Run | Yrd Mat Matter Collected 380 | 194 186 Remotely . | . . Salvage Created 371 | . 371 Parts 15 | . 15 Haulers Intercepted 1 | . 1 Recyclers Shooed . | . . Parts Field Recycled . | . . Retrieved Matter . | . . Parts Self-Destructed . | . . Prevented . | . . Kills | -11 -10 ------- Run | Yrd Mat Combat Hostiles Destroyed 6 | . 6 Guns 5 | . 5 AOE 1 | . 1 Classes Destroyed 4 | . 4 Hauler 1 | . 1 Recycler 1 | . 1 Swarmer 1 | . 1 Grunt 5 | . 5 Best Kill Streak 2 | . 2 Combat Bots Only 2 | . 2 Max Kills in Single Turn 1 | . 1 Gunslinging . | . . Exploded 1 | . 1 Melee . | . . Uniques/NPCs Destroyed . | . . Combat | -11 -10 -------- Run | Yrd Mat Hostile Shots Fired 130 | . 130 Missed 36 | . 36 Damage Taken 1227 | . 1227 Core 256 | . 256 Absorbed by Shields . | . . Core Remaining (%) 100 | 100 . Volleys Fired 51 | . 51 Largest 2 | . 2 Hottest 80 | . 80 Shots Fired 67 | . 67 Gun 56 | . 56 Cannon 11 | . 11 Launcher . | . . Special . | . . Kinetic 48 | . 48 Thermal 9 | . 9 Explosive . | . . Electromagnetic 10 | . 10 Robot Hit Streak 8 | . 8 Robot Miss Streak 3 | . 3 Penetration Max . | . . Secondary Targets 1 | . 1 Max Gunslinging Chain 1 | . 1 Shots Hit Robots 45 | . 45 Core Hits 17 | . 17 Critical Kills . | . . Critical Parts Destroyed . | . . Critical Strikes . | . . Melee Attacks 9 | . 9 Impact . | . . Slashing . | . . Piercing . | . . Sneak Attacks . | . . Combat Hostiles . | . . Follow-up Attacks . | . . Damage Inflicted 678 | . 678 Guns 482 | . 482 Cannons 102 | . 102 Explosions 93 | . 93 Melee . | . . Ramming 1 | . 1 Kinetic 416 | . 416 Thermal 170 | . 170 Explosive . | . . Electromagnetic 91 | . 91 Impact . | . . Slashing . | . . Piercing . | . . Highest Corruption . | . . Average Corruption . | . . Corruption Purged . | . . Corruption Blocked . | . . Overload Shots . | . . Overflow Damage . | . . Projectiles . | . . Explosions . | . . Melee . | . . Knockbacks 2 | . 2 Impact . | . . Kinetic 1 | . 1 Secondary 1 | . 1 Self-Inflicted Damage 63 | . 63 Shots 2 | . 2 Rammed . | . . Targets Rammed 1 | . 1 Kicked 1 | . 1 Crushed . | . . Highest Temperature 12 | . 12 Average Temperature 5 | . 5 Received Heat Transfer 570 | . 570 Siege Activations . | . . Robots Corrupted . | . . Combat Hostiles . | . . Parts Fried . | . . Impact Corruptions . | . . Robots Melted . | . . Combat Hostiles . | . . Parts Melted . | . . Heat Transferred 275 | . 275 Parts Sabotaged . | . . Parts Stolen . | . . Parts Stripped . | . . Power Chain Reactions 2 | . 2 Alert | -11 -10 ------- Run | Yrd Mat Peak Influence 100 | . 100 Initial . | . . Average 38 | . 42 Maximum Alert Level . | . . Low Security (%) 100 | 100 100 Level 1 . | . . Level 2 . | . . Level 3 . | . . Level 4 . | . . Level 5 . | . . High Security . | . . Max Security . | . . Squads Dispatched 2 | . 2 Investigation . | . . Extermination . | . . Reinforcement 2 | . 2 Assault . | . . Garrison . | . . Intercept . | . . Searches Triggered . | . . Construction Impeded . | . . Haulers Reinforced . | . . Active Scanning Responses . | . . Cargo Convoy Interrupts . | . . Stealth | -11 -10 --------- Run | Yrd Mat Distress Signals 2 | . 2 Communications Jammed . | . . Distress Signals . | . . Times Spotted 20 | . 20 Peak Tracking Total 5 | . 5 Tactical Retreats 2 | . 2 Traps | -11 -10 ------- Run | Yrd Mat Traps Triggered . | . . Indirectly . | . . Trap Hack Attempts . | . . Triggered . | . . Disarmed . | . . Reprogrammed . | . . Reused . | . . Traps Extracted . | . . Installed . | . . Triggered . | . . Machines | -11 -10 ---------- Run | Yrd Mat Machines Disabled . | . . Max in Single Turn . | . . Machines Repaired . | . . Machines Dismantled . | . . Machines Sabotaged . | . . Overloaded Fab Kills . | . . Hacking | -11 -10 --------- Run | Yrd Mat Machines Accessed 2 | . 2 Terminals 2 | . 2 Fabricators . | . . Repair Stations . | . . Recycling Units . | . . Scanalyzers . | . . Garrison Access . | . . Total Hacks 3 | . 3 Successful 3 | . 3 Failed . | . . Catastrophic . | . . Database Lockouts . | . . Manual . | . . Terminals 3 | . 3 Fabricators . | . . Repair Stations . | . . Recycling Units . | . . Scanalyzers . | . . Garrison Access . | . . Terminal Hacks 3 | . 3 Record 1 | . 1 Locate Traps 1 | . 1 Zone Layout 1 | . 1 Fabricator Hacks . | . . Repair Station Hacks . | . . Recycling Unit Hacks . | . . Scanalyzer . | . . Garrison Access Hacks . | . . Unauthorized Hacks . | . . Terminals . | . . Fabricators . | . . Repair Stations . | . . Recycling Units . | . . Scanalyzers . | . . Garrison Access . | . . Data Cores Recovered . | . . Used . | . . Hacking Detections . | . . Full Trace Events . | . . Feedback Events . | . . Feedback Blocked . | . . Robot Schematics Acquired . | . . Robots Built . | . . Authchips . | . . Time . | . . Total Robot Build Rating . | . . Part Schematics Acquired . | . . Parts Built . | . . Authchips . | . . Time . | . . Total Part Build Rating . | . . Parts Repaired . | . . Time . | . . Parts Recycled . | . . Recycled Matter . | . . Retrieved Matter . | . . Retrieved Components . | . . Parts Scanalyzed . | . . Part Schematics Acquired . | . . Parts Damaged . | . . Bothacking | -11 -10 ------------ Run | Yrd Mat Used RIF Installer . | . . Robots Hacked 1 | . 1 Non-combat 1 | . 1 Combat . | . . Robot Hacks Applied 2 | . 2 parse_system 2 | . 2 Relay Couplers Released . | . . Fabnet Peak Effective % . | . . Robots Rewired . | . . Allies Hacked . | . . Hacks Repelled . | . . Allies | -11 -10 -------- Run | Yrd Mat Total Allies . | . . Largest Group . | . . Highest-Rated Group . | . . Highest-Rated Ally . | . . Total Orders . | . . Ally Attacks . | . . Total Damage . | . . Kills . | . . Allies Corrupted . | . . Allies Melted . | . . Intel | -11 -10 ------- Run | Yrd Mat Robot Analysis Total . | . . Derelict Logs Recovered . | . . Drone Launches . | . . Drone Recoveries . | . . Exploration | -11 -10 ------------- Run | Yrd Mat Turns Passed 894 | 93 801 Spaces Moved 445 | 63 382 Core 34 | 33 1 Treads 28 | . 28 Legs 201 | . 201 Wheels 182 | 30 152 Hover . | . . Flight . | . . Fastest Speed 50 | 50 100 Average Speed 144 | 103 151 Slowest Speed 800 | 150 800 Overloaded Moves . | . . Propulsion Burnouts . | . . Robots Hopped . | . . Cave-ins Triggered . | . . Exploration Rate (%) 24 | 4 44 Regions Visited 1 Branch Regions . Pre-discovered Areas . | . . Known Exits Taken . | . . Unknown Exits Taken 1 | 1 . Scrap Searched . | . . Spaces Dug . | . . Terrain Destroyed 7 | . 7 Melee . | . . Projectile . | . . AOE 7 | . 7 Terrain Rammed . | . . Walls Destroyed . | . . Machines Disabled . | . . Actions | -11 -10 --------- Run | Yrd Mat Total 623 | 89 534 Wait 58 | 5 53 Move 444 | 62 382 Hop . | . . Pick Up 13 | 9 4 Fast Attach 10 | 3 7 Attach 14 | 5 9 Detach 8 | 2 6 Swap 9 | 2 7 Drop 6 | 1 5 Fire 51 | . 51 Melee 9 | . 9 Ram . | . . Kick 1 | . 1 Crush . | . . Escape Stasis . | . . Rewire . | . . Trap . | . . Miscellaneous . | . . Route ------- -11/Scrapyard -10/Materials History --------- Turn | Location | Event 8 | -11/Scrapyard | Discovered new exit (range 16) 94 | -11/Scrapyard | Entered Materials 301 | -10/Materials | Build established: Mutant 804 | -10/Materials | Lost 3 parts (1p1n1w) 838 | -10/Materials | Core integrity fell below 50% 876 | -10/Materials | Core integrity fell below 20% 895 | -10/Materials | Destroyed by G-34 Mercenary with Small Laser Last Messages --------------- 00765_ K-01 Serf destroyed. 00771_ Assault Rifle destroyed. 00773_ Lgt. Ion Engine destroyed. 00773_ U-05 Engineer destroyed. 00778_ G-34 Mercenary destroyed. 00780_ U-05 Engineer suffers critical hit (Burn). 00783_ ALERT: Hostiles spotted, dispatching reinforcements to Terminal M008. 00786_ G-47 Trooper destroyed. 00814_ Assault Rifle destroyed. 00817_ Acquired Lgt. Cannon. 00834_ W-16 Scout sends out distress signal. 00858_ Aluminum Leg destroyed. 00863_ W-16 Scout knocked back. 00872_ Acquired 4 matter. 00874_ Lgt. Cannon destroyed. 00881_ Ion Engine destroyed. 00889_ G-34 Mercenary destroyed. 00890_ R-06 Scavenger collects Ion Engine. 00893_ R-06 Scavenger collects Heat Sink. Map ----- +----------------------------------------------------+ | ???????????????????????????????????????????????? | | ???????????????????????????????????????????????? | | ????????????????????????????#??????????????????? | | ????????????????????????"T ??????????????????? | | ??????????## ##???# #########?# ???????? | | ???????????## ##????# ## ?# ???????? | | ????????????# #?????## ### ?# ???????? | | ????????????# #??????# #?# ?# ???????? | | ????????????# #??????# #?# ?# ???????? | | ???????????## ##?????# #?# ?# ???????? | | ???????????# ####### #?# ?# ####+#+# | | ???????????# ### # | | ???????????# + + | | ???????????# ### ?# | | ???????????# ## #?#####+#### # | | ??????############# ##### ## =# * | | ??????# + + | | ??????# # # | | ??????# # ^^^ # | | ??????# ###T## #### ## ### | | ??????# """ """ #?#### #?# ###+#####+# """ | | ??????# """ """ #????# #?##### # """ | | ??????# """ """ #????# #?????# ## """ | | ??????#############????# #?????# ## | | ???????????????######### ##????# """ """ ####### | | ??????########## @ #????# """ """ #???### | | ??????# # r #????# """ """ #???# | | ??????# """ # %%#????# #???# " | | ??????# """ # ^ g[[%#????# #???# " | | ??????# """ # ! ################???# " | | ??????# # ! % ## """ #????????# | | ??????# """ + =%!! a+ "R" ##???????# | | ??????# """ # %*!! ## " " ##T######### | | ??????# """ # !! ## # =/ | | ??????# # ######## + / /! | | ???????????????# ?????????????? # = | | ???????????????# u ????????????????# ######## | | ???????????????# ????????????????# ???????? | | ???????????????# ????????????????# ????????? | | ??????????????? ????????????????# ????????? | | ?????????????? ?????????????????# ?????????? | | ????????????? ?????????????????# ?????????? | | ?????????????##T###?????????????????#??????????? | | ??????????????##???????????????????????????????? | | ???????????????????????????????????????????????? | | ???????????????????????????????????????????????? | | ???????????????????????????????????????????????? | | ???????????????????????????????????????????????? | | ???????????????????????????????????????????????? | | ???????????????????????????????????????????????? | +----------------------------------------------------+ Best States ------------- Heat Dissipation 35 Energy Generation 10 Energy Capacity 325 Matter Stores 241 Matter Capacity 300 Sight Range 16 Terrain Scan Density 10 Evasion (%) 55 Recoil Reduction 1 Item Schematics ----------------- None Robot Schematics ------------------ None Fabricated ------------ Nothing Alien Tech Used ----------------- None Achievements -------------- None Challenges ------------ None Game ------ Seed EncryptedIntegratedFragment Manual? 0 Play Time 00:22:08 Cumulative 9.7 hours Start 2024.05.30 @ 14:18:10 End 2024.05.30 @ 14:43:25 Sessions 1 Manual Loads 0 Difficulty Rogue Special Mode None Game No. 16 Rogue 16 Adventurer 0 Explorer 0 Win Type - Total 0 Types 0/0/0/0/0/0/0/0/0 Lore% 2 Gallery% 12 Achievement% 10 Wizard Run 0 Options --------- Layout 0 ASCII 0 Keyboard 0 Movement Mouse Keybinds 0 Fullscreen 1 Font 24/Smallcaps Map View 76x50 Zoom Use 18% Tactical HUD 1 Map Filters NONE Filters NONE Steam 1 RUN: 4cc79d6b-69fc-4d6e-b926-959e8a201308